 Dungeon Crawl Stone Soup version 0.27.1-33-g824d729ab1 (webtiles) character file.

Game seed: 2976163901445423952

17797 pkoi the Grappler (level 12, 0/85 HPs)
             Began as a Red Draconian Gladiator on Dec 2, 2021.
             Was a Priest of the Shining One.
             Slain by a water moccasin (2 damage)
             ... on level 1 of the Lair of Beasts.
             The game lasted 00:22:47 (17140 turns).

pkoi the Grappler (Red Draconian Gladiator)        Turns: 17140, Time: 00:22:48

Health: 0/85       AC: 13    Str: 20    XL:     12   Next: 22%
Magic:  18/18      EV: 19    Int: 13    God:    the Shining One [***...]
Gold:   428        SH:  0    Dex: 12    Spells: 13/19 levels left

rFire    + . .     SeeInvis .     - Unarmed
rCold    . . .     Faith    .   (no shield)
rNeg     + . .     Spirit   .   (armour unavailable)
rPois    .         Reflect  .   a - +1 hat
rElec    .         Harm     .   (no cloak)
rCorr    .         Rampage  .   (no gloves)
Will     .....                  v - +2 pair of boots {Fly}
Stlth    +.........             (no amulet)
HPRegen  0.24/turn              j - +4 ring of evasion
MPRegen  0.16/turn              (no ring)

@: flying, glowing
A: breathe fire, AC +8, unfitting armour, fire resistance 1, cold-blooded,
shaggy fur 1, strong 1, wild magic 1
a: Breathe Fire, Renounce Religion, Divine Shield


You were on level 1 of the Lair of Beasts.
You worshipped the Shining One.
The Shining One was most pleased with you.
You visited 3 branches of the dungeon, and saw 15 of its levels.

You collected 675 gold pieces.
You spent 247 gold pieces at shops.

Inventory:

Missiles
 b - 6 throwing nets (quivered)
 g - 8 javelins
 x - 3 curare-tipped darts
Armour
 a - a +1 hat (worn)
 v - a +2 pair of boots of flying (worn)
Jewellery
 j - a +4 ring of evasion (left hand)
 o - an amulet of faith
 q - a ring of fire
Wands
 h - a wand of flame (21)
 k - a wand of iceblast (13)
 n - a wand of polymorph (9)
 w - a wand of acid (12)
Scrolls
 c - a scroll of teleportation
 e - 2 scrolls of amnesia
 f - 5 scrolls of identify
 l - 5 scrolls of fog
 m - 2 scrolls of enchant weapon
 u - 3 scrolls of blinking
Potions
 d - 2 potions of heal wounds
 p - 4 potions of brilliance
 r - a potion of haste
 s - a potion of cancellation
 t - 3 potions of might


   Skills:
 - Level 2.1 Fighting
 - Level 1.7 Throwing
 + Level 8.0 Dodging
 * Level 12.9 Unarmed Combat
 - Level 4.0 Spellcasting
 + Level 6.5 Conjurations
 + Level 4.5 Hexes
 + Level 6.6 Air Magic
 + Level 6.6 Poison Magic


You had 13 spell levels left.
You knew the following spells:

 Your Spells              Type           Power      Damage    Failure   Level
a - Mephitic Cloud        Conj/Pois/Air  25%        N/A       7%          3
b - Tukima's Dance        Hex            18%        N/A       14%         3

Your spell library contained the following spells:

 Spells                   Type           Power      Damage    Failure   Level
 Magic Dart               Conj           100%       1d8       2%          1
 Call Imp                 Summ           3%         N/A       38%         2
 Passage of Golubria      Tloc           N/A        N/A       94%         4
 Yara's Violent Unravell  Hex/Tmut       5%         3d4       95%         5


Dungeon Overview and Level Annotations

Branches:
Dungeon (13/15)            Temple (1/1) D:5            Lair (1/6) D:11
    Orc (0/2) D:9
 Vaults: D:13-14

Altars:
Ashenzari
Cheibriados
Dithmenos
Elyvilon
Fedhas
Gozag
Hepliaklqana
Kikubaaqudgha
Makhleb
Nemelex Xobeh
Okawaru
Qazlal
Ru
Sif Muna
Trog
Uskayaw
Vehumet
Wu Jian
Xom
Yredelemnul
Zin
The Shining One
Beogh

Shops:
D:2 [(   D:7 (*

Annotations:
D:12 Azrael, Jorgrun


Innate Abilities, Weirdness & Mutations

You can breathe blasts of fire.
Your fiery red scales are hard. (AC +8)
You cannot fit into any form of body armour.
Your flesh is heat resistant. (rF+)
You are cold-blooded and may be slowed by cold attacks.
You are covered in fur. (AC +1)
Your muscles are strong. (Str +2)
Your spells are a little harder to cast, but a little more powerful.


Message History

As you read the scroll of teleportation, it crumbles to dust.
You feel strangely unstable.
The wolf howls! x2
The wolf closely misses you. The wolf bites you but does no damage.
The spriggan barely misses you. The wolf barely misses you.
The wolf completely misses you. The wolf closely misses you.
The wolf bites you but does no damage. x2
The spriggan completely misses you.
You see here a bullfrog corpse.
The wolf completely misses you. The wolf bites you.
* * * LOW HITPOINT WARNING * * *
The wolf closely misses you. The wolf barely misses you.
Your surroundings suddenly seem different.
A wolf comes into view.
The wolf howls! x2; The komodo dragon hisses angrily.
The wolf howls! x2; You hear a howl!
The wolf bites you but does no damage.
The wolf pauses to sniff the ground.
The wolf completely misses you. The wolf misses you.
The wolf closely misses you. The wolf bites you.
* * * LOW HITPOINT WARNING * * *
Okay, then.
Unknown command.
As you read the scroll of teleportation, it crumbles to dust.
You feel strangely unstable. The wolf misses you.
The wolf bites you but does no damage. The wolf completely misses you.
The wolf closely misses you. The wolf bites you.
* * * LOW HITPOINT WARNING * * *
The wolf pauses to sniff the ground.
The wolf bites the bush!
The wolf bites you but does no damage.
Found 26 stones.
Your surroundings suddenly seem different. 2 water moccasins come into view.
Found 13 stones.
The water moccasin hisses angrily. x2
The water moccasin bites you but does no damage.
The water moccasin bites you.
You die...

.. ..........
#......#..........
......#.#.......h.
......##.... #...
#..........#####h♣
##S.........#h.h..#
...........#h.h.##
##S.......#..hh###
#.@.....(##.hP.#
#...........######
#...........
#............
#.............
#..............
.....(.........
........###....


You could see 2 water moccasins.

Vanquished Creatures
  Harold (D:8)
  A boulder beetle (D:10)
  A hydra (D:12)
  3 two-headed ogres (D:11)
  2 tengu warriors (D:11)
  Sonja (D:12)
  An ugly thing (D:12)
  A manticore (D:11)
  A cyclops (D:11)
  A cane toad (Lair:1)
  An unseen horror (D:12)
  A komodo dragon (Lair:1)
  A yaktaur (D:12)
  A troll (D:10)
  4 hornets
  A water elemental (D:11)
  A shadow (D:12)
  A wyvern (D:9)
  8 yaks
  3 wraiths
  4 fire elementals (D:12)
  A steam dragon (D:8)
  3 wargs (D:11)
  2 acid dragons
  2 water moccasins (Lair:1)
  2 black bears
  An ice beast (D:8)
  10 orc warriors
  A sky beast (D:6)
  An ogre (D:5)
  8 wolves (Lair:1)
  A centaur (D:10)
  A phantom (D:6)
  4 kobold brigands
  4 bullfrogs
  A water moccasin zombie (D:6)
  A water moccasin skeleton (D:7)
  17 killer bees
  3 wights (D:8)
  3 howler monkeys
  3 hounds
  3 centaur zombies
  5 orc priests
  A bullfrog skeleton (D:5)
  Terence (D:2)
  2 iguanas
  10 orc wizards
  2 hound skeletons
  A howler monkey zombie (D:3)
  Robin (D:3)
  4 gnolls (D:4)
  8 adders
  An ufetubus (D:3)
  An adder skeleton (D:5)
  50 orcs
  3 bats
  7 endoplasms
  2 giant cockroaches (D:1)
  8 goblins
  8 hobgoblins
  4 jackals (D:1)
  26 kobolds
  5 quokkas
  9 ball pythons
  5 frilled lizards
  6 rats
281 creatures vanquished.

Vanquished Creatures (others)
  A dancing weapon (D:12)
  A hobgoblin (D:4)
  2 plants (Lair:1)
4 creatures vanquished.

Grand Total: 285 creatures vanquished

Notes
Turn   | Place    | Note
-------+----------+-------------------------------------------
     0 | D:1      | pkoi the Draconian Gladiator began the quest for the Orb.
     0 | D:1      | Reached XP level 1. HP: 17/17 MP: 1/1
   187 | D:1      | Reached XP level 2. HP: 13/24 MP: 2/2
   424 | D:1      | Found a faded altar of an unknown god.
   592 | D:1      | Reached skill level 4 in Unarmed Combat
  1004 | D:2      | Reached XP level 3. HP: 29/29 MP: 3/3
  1149 | D:2      | Found an ornate altar of the Wu Jian Council.
  1164 | D:2      | Found Zulivag's Antique Armour Boutique.
  1214 | D:2      | Found Zoweqosy's Weapon Boutique.
  1428 | D:2      | Noticed Terence
  1433 | D:2      | Killed Terence
  1434 | D:2      | Reached skill level 5 in Unarmed Combat
  1434 | D:2      | Reached XP level 4. HP: 36/36 MP: 4/4
  1677 | D:3      | Found a basalt altar of Yredelemnul.
  1699 | D:3      | Noticed an orc warrior
  1711 | D:3      | Gained mutation: Your spells are a little harder to cast,
                  | but a little more powerful. [potion of mutation]
  1711 | D:3      | Gained mutation: Your muscles are strong. (Str +2) [potion
                  | of mutation]
  1711 | D:3      | Gained mutation: You are covered in fur. (AC +1) [potion of
                  | mutation]
  2193 | D:3      | Reached XP level 5. HP: 32/41 MP: 5/5
  2263 | D:4      | Found an ancient bone altar of Kikubaaqudgha.
  2395 | D:4      | Reached skill level 6 in Unarmed Combat
  3173 | D:5      | Entered Level 5 of the Dungeon
  3183 | D:5      | Noticed an ogre
  3261 | D:5      | Noticed a black bear
  3269 | D:5      | Killed a black bear
  3270 | D:5      | Reached skill level 7 in Unarmed Combat
  3270 | D:5      | Reached XP level 6. HP: 39/48 MP: 6/6
  3630 | D:5      | Found a radiant altar of Vehumet.
  3657 | D:5      | Found a staircase to the Ecumenical Temple.
  3666 | Temple   | Entered the Ecumenical Temple
  3716 | Temple   | Became a worshipper of the Shining One
  3760 | D:5      | Your scales start taking on a fiery red colour.
  3760 | D:5      | Reached XP level 7. HP: 55/55 MP: 7/7
  3760 | D:5      | Gained mutation: Your flesh is heat resistant. (rF+) [Red
                  | Draconian growth]
  3783 | D:5      | Found a white marble altar of Elyvilon.
  4167 | D:6      | Noticed a wraith
  4185 | D:6      | Reached skill level 8 in Unarmed Combat
  4195 | D:6      | Killed a wraith
  4480 | D:6      | Reached XP level 8. HP: 48/61 MP: 8/8
  4614 | D:6      | Reached skill level 9 in Unarmed Combat
  4984 | D:3      | Noticed Robin
  4995 | D:3      | Killed Robin
  5008 | D:3      | Reached skill level 5 in Dodging
  5367 | D:5      | Learned a level 3 spell: Mephitic Cloud
  5403 | D:6      | Found a bloodstained altar of Trog.
  5450 | D:6      | Found an ornate altar of the Wu Jian Council.
  5470 | D:6      | Found an iron altar of Okawaru.
  5588 | D:7      | Found an opulent altar of Gozag.
  5592 | D:7      | Found Gozag's Platinum Reserve.
  5915 | D:7      | Reached skill level 1 in Spellcasting
  5915 | D:7      | Reached skill level 1 in Air Magic
  5915 | D:7      | Reached skill level 1 in Poison Magic
  5923 | D:7      | Reached skill level 1 in Conjurations
  5931 | D:7      | HP: 2/61 [killer bee (6)]
  6349 | D:7      | Found a shadowy altar of Dithmenos.
  6365 | D:7      | Reached * piety under the Shining One
  6373 | D:7      | Found Laofik's Weapon Shop.
  6581 | D:8      | Found a sacrificial altar of Ru.
  6700 | D:8      | Reached XP level 9. HP: 47/67 MP: 11/11
  6711 | D:8      | Reached skill level 10 in Unarmed Combat
  7028 | D:8      | Noticed Harold
  7072 | D:8      | Killed Harold
  8460 | D:2      | Bought a pair of runed boots for 247 gold pieces
  8938 | D:8      | Identified the +8 arbalest "Fieh" {elec, Stlth+}
  9266 | D:8      | Reached XP level 10. HP: 59/73 MP: 15/15
  9638 | D:9      | Found a shimmering altar of Xom.
  9730 | D:9      | Reached skill level 11 in Unarmed Combat
 10247 | D:8      | Learned a level 3 spell: Tukima's Dance
 10476 | D:9      | Found a staircase to the Orcish Mines.
 11118 | D:9      | Found a hazy altar of Hepliaklqana.
 11231 | D:9      | Reached skill level 1 in Hexes
 11538 | D:9      | Found a snail-covered altar of Cheibriados.
 11730 | D:10     | Entered Level 10 of the Dungeon
 11797 | D:10     | Noticed a boulder beetle
 11813 | D:10     | Killed a boulder beetle
 12075 | D:10     | Reached ** piety under the Shining One
 12165 | D:9      | Reached skill level 5 in Poison Magic
 12380 | D:10     | Reached skill level 5 in Conjurations
 12380 | D:10     | Reached skill level 5 in Air Magic
 12380 | D:10     | Reached XP level 11. HP: 79/79 MP: 17/17
 12784 | D:11     | Noticed a two-headed ogre
 12792 | D:11     | Killed a two-headed ogre
 13043 | D:11     | Noticed a tengu warrior
 13052 | D:11     | Killed a tengu warrior
 13053 | D:11     | Reached skill level 12 in Unarmed Combat
 13108 | D:11     | Noticed a tengu warrior
 13118 | D:11     | Killed a tengu warrior
 13573 | D:11     | Noticed a two-headed ogre
 13582 | D:11     | Killed a two-headed ogre
 13785 | D:11     | Found a staircase to the Lair.
 14131 | D:11     | Noticed a two-headed ogre
 14143 | D:11     | Killed a two-headed ogre
 14459 | D:12     | Noticed a four-headed hydra
 14465 | D:12     | Killed a four-headed hydra
 14730 | D:12     | Noticed Sonja
 14733 | D:12     | Killed Sonja
 15113 | D:12     | Found a bloodstained altar of Trog.
 15114 | D:12     | Noticed Azrael
 15129 | D:12     | Reached XP level 12. HP: 81/85 MP: 18/18
 15224 | D:12     | The Shining One protects you from harm!
 15599 | D:12     | Noticed Jorgrun
 16519 | D:13     | Noticed a death knight
 16609 | Lair:1   | Entered Level 1 of the Lair of Beasts
 17033 | Lair:1   | Reached *** piety under the Shining One
 17066 | Lair:1   | HP: 4/85 [poisoned by a spriggan]
 17139 | Lair:1   | HP: 2/85 [wolf (4)]
 17140 | Lair:1   | Slain by a water moccasin

Illustrated notes

Levels and vault maps discovered:
D:1:      dpeg_arrival_long_road, layout_loops_ring,
          ebering_ecumenical_altar_rust
D:2:      layout_basic, basic_altar, serial_shops, shop, shop, dk_vineyard_2,
          uniq_terence
D:3:      layout_basic, mainiacjoe_overflow_concentric_impassable, uniq_robin
D:4:      layout_basic, nicolae_kikubaaqudgha_miasma_corner
D:5:      layout_loops_ring, marbit_many_paths, elyvilon_altar_4,
          minmay_temple_entry_tees
D:6:      layout_gridville, mainiacjoe_overflow_six_doors_small,
          kennysheep_little_box, kennysheep_mini_moat, serial_bayou_crossing
D:7:      layout_cave_pools, mainiacjoe_overflow_boulevard,
          nicolae_gozag_zags_fifth_avenue, serial_shops, shop,
          minmay_misc_feat_chi, minmay_misc_feat_encased, minivault_5,
          st_stairs_12
D:8:      layout_basic, nicolae_ru_great_annihilating_truth, uniq_harold
D:9:      layout_layer_cave, mainiacjoe_overflow_alcove_2,
          mainiacjoe_overflow_cross_hatched, kennysheep_mini, david_orc_5,
          hex_tiny
D:10:     layout_small_grid, hangedman_decor_growths
D:11:     layout_roguey, erik_lair_orcish_takeover, minivault_4,
          patterned_corridor
D:12:     layout_loops_corners, trog_three_pillars_becter, uniq_jorgrun,
          uniq_snorg, uniq_sonja, uniq_azrael
D:13:     layout_rooms, hangedman_vaults_entry_quadrant_bands,
          nicolae_yredelemnul_corpse_copse, uniq_maurice
Temple:   jpeg_temple_island
Lair:1:   layout_hall_layers, grunt_forest_large_clearings

Skill      XL: |  1  2  3  4  5  6  7  8  9 10 11 12 |
---------------+-------------------------------------+-----
Unarmed Combat | 4 5 7 8 9 10 11 12 | 12.9
Dodging        | 3 4 5 6 7 8 |  8.0
Spellcasting   | 1 3 4 |  4.0
Air Magic      | 2 3 5 6 |  6.6
Poison Magic   | 2 3 5 6 |  6.6
Conjurations   | 2 3 5 6 |  6.5
Hexes          | 2 4 |  4.5
Fighting       | |  2.1
Throwing       | |  1.7

Action                   |  1- 3 |  4- 6 |  7- 9 | 10-12 || total
-------------------------+-------+-------+-------+-------++-------
Melee: Unarmed           |   124 |   139 |   366 |   383 ||  1012
       Tailslap          |    14 |    20 |    47 |    55 ||   136
       Punch             |     1 |     4 |    15 |    23 ||    43
 Cast: Mephitic Cloud    |       |       |       |     4 ||     4
       Tukima's Dance    |       |       |       |     2 ||     2
 Abil: Breathe Fire      |       |       |     5 |    26 ||    31
  Use: Scroll            |       |     8 |     4 |     6 ||    18
       Potion            |       |     3 |     3 |     3 ||     9
 Stab: Sleeping          |     4 |       |       |       ||     4
Armor: Skin              |    52 |    32 |    88 |   120 ||   292
Dodge: Dodged            |    83 |   109 |   336 |   306 ||   834
